 Dungeon Crawl Stone Soup version 0.21.1-1-g345015f (webtiles) character file.

265 Fang the Skirmisher (level 6, 0/39 HPs)
             Began as a Gargoyle Berserker on May 18, 2018.
             Was a Priest of Trog.
             Slain by Fang's ghost (1 damage)
             ... on level 5 of the Dungeon.
             The game lasted 00:06:32 (3290 turns).

Fang the Skirmisher (Gargoyle Berserker)            Turns: 3290, Time: 00:06:32

Health: 0/39       AC:  6    Str: 23    XL:     6   Next: 20%
Magic:  6/6        EV: 12    Int:  7    God:    Trog [***...]
Gold:   208        SH:  0    Dex:  9    Spells: 5/5 levels left

rFire    x . .     SeeInvis .   a - +3 hand axe
rCold    + . .     Gourm    .   (no shield)
rNeg     + . .     Faith    .   b - +0 animal skin
rPois    ∞         Spirit   .   (no helmet)
rElec    +         Reflect  .   (no cloak)
rCorr    .         Harm     .   (no gloves)
MR       +....                  (no boots)
Stlth    +.........             g - amulet of rage
HPRegen  0.13/turn              r - ring of protection from magic
MPRegen  0.10/turn              q - ring of ice

@: berserk cooldown, slowed, very slow
A: negative energy resistance 1, electricity resistance, unbreathing,
petrification resistance, rot immunity, AC +4
a: Berserk, Trog's Hand, Burn Spellbooks, Renounce Religion, Evoke Berserk Rage


You were on level 5 of the Dungeon.
You worshipped Trog.
Trog was most pleased with you.
You were near starving.

You visited 1 branch of the dungeon, and saw 5 of its levels.

You collected 208 gold pieces.

Inventory:

Hand Weapons
 a - a +3 hand axe (weapon)
Armour
 b - a +0 animal skin (worn)
Jewellery
 f - an uncursed ring of positive energy
 g - an amulet of rage (around neck)
 i - an uncursed ring of positive energy
 q - a ring of ice (right hand)
 r - a ring of protection from magic (left hand)
Scrolls
 j - 4 scrolls of identify
 l - a scroll of noise {unknown}
 n - a scroll of remove curse
 s - a scroll of teleportation
Potions
 d - 2 potions of berserk rage {unknown}
 e - 3 potions of resistance
 k - a potion of might
 o - a potion of ambrosia
 p - a potion of lignification
 t - a potion of invisibility
Books
 m - a book of Changes

   Spells                             Type                      Level
   a - Beastly Appendage              Transmutation                1
   b - Sticks to Snakes               Transmutation                2
   c - Spider Form                    Transmutation/Poison         3
   d - Ice Form                       Ice/Transmutation            4
   e - Blade Hands                    Transmutation                5
   Trog disapproves of the use of such an item.
Comestibles
 c - 10 rations


   Skills:
 + Level 4.7 Fighting
 + Level 4.4 Axes
 + Level 3.0 Armour
 + Level 2.4 Dodging
 + Level 1.3 Stealth


You had 5 spell levels left.
You didn't know any spells.

Dungeon Overview and Level Annotations

Branches:
Dungeon (5/15)
 Temple: D:4-7

Altars:
Elyvilon

Annotations:
D:5 Fang's ghost, novice GrBe


Innate Abilities, Weirdness & Mutations

You are resistant to torment.
Your stone body is resilient. (AC +4)
You are immune to poison.
You resist negative energy. (rN+)
You are resistant to electric shocks. (rElec)
You can survive without breathing.
You are immune to petrification.
You are immune to rotting.


Message History

Fang's ghost is heavily damaged.
You slash the orc!
You kill the orc!
Trog accepts your kill.
You are no longer berserk.
Trog's vigour flows through your veins.
You are exhausted.
You feel yourself slow down. Fang's ghost hits you!
* * * LOW HITPOINT WARNING * * *
You hit Fang's ghost but do no damage.
Fang's ghost is heavily damaged.
Fang's ghost hits you but does no damage.
You hit Fang's ghost.
Fang's ghost is heavily damaged.
Fang's ghost misses you.
Fang's ghost hits you but does no damage.
You miss Fang's ghost.
Fang's ghost is heavily damaged.
Fang's ghost hits you.
You die...

#.<#....#
#.####.#....#
#......#....#
#######......# . ..
###.#†...# ..
###.#.....#+### ...
........>.....#....
............)...#
...##.#..##@W...#
## #.#.....#...#
#.##........# #.
###.#.##.#
#.#.$.... ..##$#
... #... .# .# #..
.. #.# .##


You could see Fang's ghost.

Vanquished Creatures
  A howler monkey (D:3)
  A crimson imp (D:5)
  A hound (D:4)
  A worker ant (D:4)
  5 adders
  An ooze (D:2)
  An adder skeleton (D:4)
  2 dart slugs (D:4)
  3 worms
  A leopard gecko (D:4)
  7 orcs
  2 ball pythons (D:4)
  4 goblins
  8 hobgoblins
  9 jackals
  6 kobolds
  A quokka (D:4)
  5 bats
  5 frilled lizards
  10 rats
74 creatures vanquished.

Notes
Turn   | Place    | Note
-------+----------+-------------------------------------------
     0 | D:1      | Fang the Gargoyle Berserker began the quest for the Orb.
     0 | D:1      | Reached XP level 1. HP: 14/14 MP: 1/1
   161 | D:1      | Reached XP level 2. HP: 17/19 MP: 2/2
   612 | D:2      | Reached XP level 3. HP: 17/24 MP: 3/3
   631 | D:2      | Reached ** piety under Trog
  1396 | D:3      | Reached XP level 4. HP: 21/29 MP: 4/4
  2008 | D:3      | Reached XP level 5. HP: 30/33 MP: 5/5
  2023 | D:3      | Reached skill level 1 in Stealth
  2569 | D:4      | Found a white marble altar of Elyvilon.
  2779 | D:4      | Reached *** piety under Trog
  2883 | D:4      | Reached XP level 6. HP: 30/39 MP: 6/6
  3244 | D:5      | Entered Level 5 of the Dungeon
  3267 | D:5      | Noticed Fang's ghost (novice GrBe)
  3287 | D:5      | HP: 1/39 [Fang's ghost (8)]
  3290 | D:5      | Slain by Fang's ghost

Skill      XL: |  1  2  3  4  5 |
---------------+----------------+-----
Axes           | 3 4 |  4.4
Fighting       | 4 |  4.7
Dodging        | 2 |  2.4
Armour         | 3 |  3.0
Stealth        | 1 |  1.3

Action                   |  1- 3 |  4- 6 || total
-------------------------+-------+-------++-------
Melee: Hand axe          |    97 |   174 ||   271
Invok: Berserk           |     1 |     1 ||     2
  Use: Scroll            |       |    13 ||    13
  Eat: Chunk             |     3 |     5 ||     8
Armor: Leather armour    |    31 |    29 ||    60
       Animal skin       |     2 |    30 ||    32
Dodge: Dodged            |    61 |   103 ||   164
